Map: Thunderbird LE

Players

TIME (Oliveira) - Winner!

  • Race: Terran Terran
  • Spawn Location: 5:00

Gerald

  • Race: Protoss Protoss
  • Spawn Location: 11:00

Event: 2019 WCS Summer

VOD

Have the link to the VOD?

Description

Time

  • Played on: July 12, 2019, 1:13 p.m.
  • Length: 18:08

All games in this series

Show
View Real Time Build Order
Export as new Build Order

TIME Terran - Winner!

Build Orders: Liberator Opening, Reaper Expand 

Get SALT Encoding   

  12  0:00  SCV  
  13  0:13  SCV  
  14  0:19  Supply Depot  
  14  0:25  SCV  
  15  0:40  SCV  
  15  0:41  Barracks  
  16  0:45  Refinery  
  16  0:52  SCV  
  17  1:04  SCV  
  18  1:16  SCV  
  19  1:29  Orbital Command, Reaper  
  20  1:39  Command Center  
  20  1:54  SCV, Supply Depot  
  20  1:57  Refinery  
  21  2:01  Barracks Reactor  
  21  2:06  SCV  
  22  2:18  SCV  
  22  2:21  Bunker  
  22  2:22  Factory  
  23  2:31  SCV  
  24  2:38  Marine x2  
  24  2:43  SCV  
  26  2:55  SCV  
  26  2:56  Marine x2  
  26  2:57  Orbital Command  
  29  3:07  Starport  
  29  3:10  Widow Mine  
  29  3:12  SCV  
  32  3:18  Marine x2  
  34  3:24  SCV  
  34  3:25  SCV  
  38  3:34  Widow Mine, Supply Depot  
  38  3:38  SCV x2  
  40  3:42  Marine x2  
  40  3:45  Medivac  
  43  3:49  Supply Depot  
  43  3:50  SCV  
  43  3:53  SCV  
  45  3:56  Factory Tech Lab  
  45  3:57  Liberator  
  45  4:02  SCV  
  46  4:04  Marine x2  
  46  4:05  SCV  
  49  4:12  Supply Depot  
  49  4:14  SCV  
  53  4:18  Siege Tank  
  53  4:21  SCV  
  53  4:22  Marine x2  
  59  4:26  SCV  
  56  4:33  SCV  
  55  4:39  Command Center  
  55  4:42  SCV  
  55  4:44  Marine  
  55  4:45  Marine  
  58  4:46  SCV  
  58  4:52  Siege Tank  
  62  4:54  SCV  
  62  4:59  SCV  
  64  5:06  Barracks  
  64  5:07  Barracks, SCV  
  64  5:08  Starport Reactor  
  64  5:11  SCV  
  64  5:12  Barracks Tech Lab  
  65  5:19  SCV  
  62  5:24  Siege Tank, SCV  
  62  5:27  Refinery  
  62  5:28  Refinery, Supply Depot  
  66  5:31  Engineering Bay x2, SCV  
  66  5:32  Stimpack  
  66  5:33  Marine  
  65  5:37  SCV  
  65  5:43  SCV  
  65  5:49  SCV  
  67  5:50  Starport Reactor  
  67  5:53  Marine x3  
  67  5:55  Orbital Command, SCV  
  71  6:01  Terran Infantry Weapons Level 1  
  71  6:02  SCV  
  71  6:08  SCV  
  71  6:09  Terran Infantry Armor Level 1  
  71  6:11  Marine x2, Missile Turret  
  72  6:14  SCV  
  72  6:16  Marine  
  72  6:18  Siege Tank  
  77  6:19  Orbital Command  
  77  6:20  SCV  
  78  6:26  SCV  
  78  6:28  Marine x2  
  78  6:29  Marine  
  78  6:32  SCV  
  83  6:34  Marine  
  83  6:36  Supply Depot  
  83  6:37  Marine  
  83  6:38  SCV  
  83  6:39  Medivac x2  
  89  6:44  SCV  
  89  6:45  SCV  
  89  6:46  Marine x2  
  90  6:50  Barracks x2, SCV  
  90  6:51  Marine  
  91  6:58  Siege Tank  
  91  6:59  Supply Depot x2  
  91  7:00  SCV  
  95  7:02  SCV  
  95  7:03  SCV  
  97  7:09  Medivac x2  
  101  7:21  Marine, SCV x3, Missile Turret  
  101  7:22  Supply Depot  
  105  7:23  Marine, Supply Depot  
  105  7:26  Marine  
  105  7:27  Marine  
  106  7:30  Marauder  
  106  7:33  SCV x3  
  106  7:35  Supply Depot  
  106  7:36  Siege Tank  
  114  7:37  Combat Shield  
  114  7:38  Barracks Tech Lab  
  114  7:39  Barracks Tech Lab  
  113  7:45  SCV x2  
  113  7:46  Marine  
  113  7:48  SCV  
  113  7:49  Marine x2, Armory  
  119  7:54  Marine  
  119  7:57  SCV  
  119  7:58  Refinery x2, Supply Depot  
  121  7:59  Marine  
  121  8:01  SCV  
  121  8:02  SCV  
  124  8:09  Marine x2  
  124  8:10  Marauder x2  
  124  8:11  Siege Tank  
  133  8:14  SCV x2  
  133  8:15  SCV  
  133  8:19  Supply Depot  
  135  8:20  Marauder, Marine x2  
  135  8:24  Armory  
  135  8:26  SCV  
  140  8:27  Marine  
  140  8:31  Marauder  
  143  8:35  Factory  
  143  8:36  Factory  
  143  8:37  SCV  
  143  8:39  SCV  
  145  8:42  Marine x2, Command Center  
  145  8:43  Sensor Tower  
  145  8:46  Marauder x2  
  151  8:52  Terran Infantry Weapons Level 2  
  151  8:54  Terran Infantry Armor Level 2  
  151  9:00  Missile Turret  
  151  9:01  Marauder, Marine x2, Missile Turret  
  155  9:06  Supply Depot x2  
  155  9:10  Missile Turret  
  155  9:14  Medivac  
  157  9:19  Supply Depot  
  157  9:20  Factory Tech Lab  
  157  9:21  Siege Tank, Marine, Medivac  
  157  9:22  Factory Tech Lab  
  165  9:26  Marine  
  165  9:27  Terran Vehicle Weapons Level 1  
  165  9:30  Marauder, Marine x2  
  168  9:33  Marauder x2  
  172  9:39  Marine  
  172  9:44  Marine  
  174  9:47  Marine  
  174  9:48  Marine  
  174  9:49  SCV x2  
  174  9:52  Siege Tank x2, Marauder  
  186  9:54  Marine  
  186  9:55  Marauder  
  189  10:00  Siege Tank, Marine  
  189  10:02  Marine, Missile Turret  
  193  10:10  Marine  
  193  10:13  Marauder x2  
  194  10:14  Marine, Medivac x2  
  194  10:16  Marauder  
  194  10:19  Ghost Academy  
  200  10:32  Refinery  
  200  10:33  Refinery, Planetary Fortress  
  200  10:35  Command Center  
  198  10:38  SCV  
  193  11:00  Ghost x3  
  193  11:02  Siege Tank x2  
  194  11:09  Command Center  
  165  11:21  Marine x2  
  165  11:22  Siege Tank, Marine x2  
  156  11:27  SCV x2  
  156  11:28  SCV  
  156  11:29  Marauder x2, Marine  
  156  11:31  Terran Infantry Weapons Level 3  
  164  11:34  Siege Tank  
  164  11:36  Siege Tank  
  164  11:39  Marine x2  
  172  11:42  Marine  
  172  11:45  Marine  
  169  11:47  Marauder  
  169  11:48  Terran Infantry Armor Level 3  
  169  11:50  Marine  
  169  11:51  Marauder  
  174  11:59  Siege Tank, Marine x2  
  177  12:02  Concussive Shells  
  177  12:03  Orbital Command, SCV  
  178  12:09  Marauder  
  178  12:12  Siege Tank  
  182  12:22  Marauder x2, Marine x3  
  189  12:23  Siege Tank, Medivac x2  
  192  12:30  Marine  
  192  12:31  Marauder  
  182  12:39  Marine x2  
  182  12:40  Marine  
  182  12:41  Command Center  
  182  12:43  Marine  
  182  12:44  Terran Vehicle Weapons Level 2, Marauder  
  187  12:51  Marine  
  188  12:52  Marauder  
  188  12:56  Siege Tank x2  
  188  12:57  Marine  
  188  12:58  SCV x2  
  168  13:07  Marauder, Marine x2  
  168  13:08  SCV x2  
  134  13:14  Marine x2  
  134  13:15  Siege Tank  
  125  13:20  Marine, Medivac x2  
  130  13:30  Planetary Fortress  
  130  13:33  Marine x2  
  134  13:34  Siege Tank  
  134  13:35  Siege Tank  
  134  13:36  Marine  
  134  13:37  Marauder  
  141  13:41  Marauder  
  141  13:42  Marauder  
  141  13:45  Marine  
  144  13:49  Siege Tank  
  144  13:50  Medivac  
  144  13:54  Missile Turret  
  149  14:00  Ghost  
  149  14:01  Marine x2  
  149  14:02  Ghost  
  153  14:05  Marine x2  
  153  14:06  Ghost  
  157  14:10  Orbital Command  
  157  14:14  Siege Tank  
  160  14:17  Siege Tank  
  160  14:18  Marine  
  160  14:19  Marine  
  165  14:24  Siege Tank  
  165  14:26  Sensor Tower  
  168  14:34  Marauder, Marine x2  
  168  14:36  Medivac x2  
  176  14:39  Refinery  
  176  14:40  Refinery  
  176  14:42  Marine x2  
  176  14:43  Marauder  
  180  14:51  Siege Tank x2  
  186  15:02  Marine x2  
  186  15:03  Marauder  
  186  15:05  Siege Tank  
  186  15:07  Marauder, Marine x2, Terran Vehicle Weapons Level 3  
  193  15:10  Marine  
  198  15:20  Marine, Command Center  
  198  15:21  Marine  
  200  15:40  Thor  
  186  15:57  Thor  
  186  16:01  Thor  
  196  16:11  Liberator x2  
  175  16:20  Marine x2  
  175  16:21  Marauder  
  175  16:23  Marauder, Marine x2  
  176  16:27  Siege Tank  
  176  16:30  Marine  
  176  16:31  Fusion Core  
  176  16:32  Starport  
  186  16:34  Starport  
  186  16:42  Marauder  
  166  16:54  Thor x2  
  166  16:55  Marauder, Marine x2  
  177  17:01  Thor  
  177  17:02  Marine x2, Ghost  
  177  17:03  Ghost  
  183  17:12  Marine  
  183  17:14  Marine  
  168  17:17  Viking x2, Marauder  
  168  17:18  Starport Tech Lab x2  
  168  17:20  Marine  
  168  17:21  Marine  
  169  17:30  Marine  
  169  17:31  Marauder  
  169  17:32  Marine, Marauder  
  165  17:37  Marine  
  165  17:38  Marine  
  165  17:39  Marine  
  171  17:48  Marine  
Show
View Real Time Build Order
Export as new Build Order

Gerald Protoss 

Build Orders: 1 Gate Expand, Phoenix Opening, Mass Phoenix 

Get SALT Encoding   

  12  0:00  Probe  
  13  0:12  Probe  
  14  0:17  Pylon  
  14  0:23  Probe  
  15  0:31  Probe  
  16  0:37  Gateway  
  16  0:39  Probe  
  16  0:45  Assimilator  
  17  0:51  Probe  
  18  1:03  Probe  
  19  1:15  Probe  
  20  1:22  Nexus  
  20  1:33  Cybernetics Core  
  20  1:34  Probe  
  21  1:40  Assimilator  
  21  1:46  Probe  
  22  1:51  Pylon  
  22  1:58  Probe  
  22  1:59  Adept  
  23  2:10  Probe  
  26  2:18  Stargate  
  27  2:22  Probe  
  27  2:29  Adept  
  29  2:35  Probe  
  30  2:37  Probe  
  31  2:47  Probe, Warp Gate  
  31  2:49  Probe  
  33  2:56  Pylon  
  33  2:59  Probe, Phoenix  
  33  3:01  Probe, Adept  
  38  3:15  Probe  
  38  3:16  Probe  
  38  3:19  Gateway  
  40  3:20  Phoenix  
  40  3:24  Gateway  
  40  3:31  Probe  
  43  3:35  Probe  
  43  3:38  Phoenix  
  44  3:43  Probe  
  44  3:44  Pylon  
  47  3:51  Probe  
  47  3:55  Probe  
  49  3:56  Assimilator  
  49  3:58  Assimilator, Phoenix  
  49  4:03  Probe  
  49  4:07  Probe  
  53  4:15  Probe  
  54  4:19  Probe, Phoenix  
  54  4:20  Pylon  
  57  4:27  Probe  
  58  4:31  Probe  
  58  4:34  Pylon  
  58  4:35  Adept  
  61  4:39  Probe  
  61  4:42  Forge, Twilight Council  
  61  4:43  Probe  
  63  4:48  Phoenix  
  63  4:50  Pylon  
  66  5:01  Charge  
  66  5:05  Nexus  
  65  5:17  Probe  
  65  5:19  Phoenix  
  65  5:20  Probe  
  65  5:21  Protoss Ground Armor Level 1  
  69  5:29  Probe  
  69  5:32  Probe  
  69  5:39  Zealot x3  
  73  5:43  Gateway x2  
  73  5:46  Phoenix  
  75  5:51  Robotics Facility  
  75  5:54  Probe  
  75  5:56  Probe  
  77  6:06  Probe  
  77  6:08  Probe, Templar Archives  
  77  6:09  Zealot  
  77  6:10  Zealot  
  83  6:19  Probe  
  83  6:21  Probe  
  83  6:22  Zealot, Probe  
  88  6:28  Gateway x2  
  88  6:31  Probe  
  88  6:32  Zealot x2  
  93  6:37  Psionic Storm  
  93  6:39  Probe  
  94  6:46  Probe  
  93  6:48  Warp Prism  
  93  6:53  High Templar x3  
  101  6:56  Pylon  
  101  6:59  Pylon  
  101  7:05  Pylon  
  101  7:09  Blink  
  101  7:14  Probe x3  
  104  7:16  Assimilator  
  104  7:18  Pylon  
  104  7:20  Assimilator, Gateway  
  104  7:26  Observer, Probe  
  104  7:27  Probe, Protoss Ground Weapons Level 1  
  104  7:29  Probe  
  107  7:36  Nexus  
  108  7:38  Pylon  
  108  7:39  Probe x2  
  108  7:41  Stalker x3, Probe  
  115  7:47  Robotics Bay  
  115  7:54  Immortal  
  119  7:59  Probe  
  119  8:00  Photon Cannon  
  119  8:02  Zealot x2, Shield Battery  
  119  8:14  Stalker x4  
  127  8:29  Probe  
  127  8:30  Photon Cannon  
  127  8:32  Probe  
  127  8:33  Probe, Shield Battery  
  130  8:34  Zealot x4  
  130  8:38  Colossus  
  130  8:39  Extended Thermal Lance  
  144  8:50  Pylon  
  144  8:51  Pylon  
  144  8:59  Probe  
  145  9:02  High Templar  
  145  9:03  Stalker, High Templar  
  145  9:04  Stalker x2  
  145  9:05  Probe  
  156  9:10  Photon Cannon, Probe x2  
  156  9:14  Robotics Facility  
  156  9:17  Assimilator  
  158  9:21  Assimilator  
  158  9:25  Probe  
  158  9:27  Probe  
  160  9:33  Forge  
  160  9:34  Zealot x4  
  160  9:36  Protoss Ground Armor Level 2  
  168  9:47  Pylon  
  168  9:55  Pylon  
  168  9:57  Colossus, Pylon  
  168  9:58  Photon Cannon, Colossus  
  168  9:59  Pylon x2  
  180  10:18  High Templar  
  180  10:19  Zealot x6, High Templar  
  196  10:21  Photon Cannon  
  196  10:24  Shield Battery  
  196  10:31  Nexus  
  188  10:48  Stalker x6  
  199  10:53  Immortal  
  189  10:58  Warp Prism  
  189  11:02  Archon  
  189  11:03  High Templar x2  
  151  11:24  Zealot x6, Immortal  
  151  11:33  High Templar  
  151  11:34  High Templar  
  151  11:37  Pylon  
  153  11:42  Assimilator  
  153  11:43  Assimilator  
  153  11:50  High Templar x3, Archon  
  153  11:51  Zealot x3  
  153  11:52  Immortal  
  169  11:59  Zealot x2  
  171  12:06  Immortal  
  167  12:20  Gateway  
  167  12:22  Gateway  
  167  12:23  Zealot x7  
  167  12:25  Gateway  
  167  12:28  Gateway  
  181  12:31  Dark Shrine  
  175  12:37  Archon  
  173  12:44  Zealot x5  
  173  12:45  Zealot x3  
  146  13:09  Archon  
  122  13:13  Stalker x8  
  122  13:17  Disruptor  
  122  13:19  Probe x2  
  126  13:20  Disruptor, Probe  
  126  13:23  Probe  
  126  13:26  Probe  
  136  13:27  Probe  
  136  13:28  Probe x2  
  136  13:33  Photon Cannon  
  140  13:34  Probe  
  140  13:35  Probe, Shield Battery  
  140  13:36  Probe x2  
  140  13:39  Fleet Beacon, Stargate  
  144  13:42  High Templar x2  
  144  13:43  Zealot, High Templar x2  
  144  13:44  Zealot x7  
  144  13:45  Disruptor  
  171  13:56  Disruptor  
  171  14:01  Photon Cannon  
  174  14:09  Dark Shrine  
  174  14:11  Stalker x6  
  186  14:27  Gateway x2  
  186  14:29  Immortal  
  190  14:32  Protoss Ground Weapons Level 2  
  190  14:33  Tempest x2  
  200  14:43  Protoss Ground Armor Level 3  
  198  15:12  Protoss Air Weapons Level 1  
  178  15:42  Tempest x2  
  179  15:44  Zealot x10  
  179  15:45  Zealot  
  154  16:04  Zealot, High Templar x3  
  154  16:05  Zealot x10  
  154  16:09  Archon  
  146  16:24  Tempest x2  
  122  16:27  Zealot x11  
  129  16:38  High Templar x2  
  129  16:39  High Templar  
  135  16:43  Archon  
  125  16:50  Zealot x7  
  104  17:01  Zealot, Nexus  
  90  17:02  Zealot x9  
  104  17:09  Tempest  
  93  17:19  Zealot x4  
  90  17:29  Zealot  
  67  17:44  High Templar x8  
  67  17:47  High Templar  
  67  17:48  Archon x2  
  67  17:49  Archon  
  67  17:50  Archon  
  81  17:52  High Templar x2  
  81  17:56  Archon  
  85  18:02  Zealot  
Tags
 
Add a new tag
Caveats
  • Supply blocks, unpowered buildings, or Contaminate may cause inaccurate times.
  • Supply counts are checked every 10 seconds.